 Dungeon Crawl Stone Soup version 0.29-a0-337-g68df138881 (webtiles) character file.

Game seed: 11197384908925127065

12 rageheart7 the Skirmisher (level 2, 0/25 HPs)
             Began as a Formicid Abyssal Knight on Apr 16, 2022.
             Was a Believer of Lugonu.
             Slain by a jackal (2 damage)
             ... on level 1 of the Dungeon.
             The game lasted 00:00:51 (462 turns).

rageheart7 the Skirmisher (Formicid Abyssal Knight)  Turns: 462, Time: 00:00:52

Health: 0/25       AC:  3    Str: 17    XL:     2   Next: 45%
Magic:  3/3        EV: 11    Int:  9    God:    Lugonu [**....]
Gold:   5          SH:  0    Dex: 11    Spells: 1/1 levels left

rFire   . . .      SeeInvis +   d - +0 quarterstaff
rCold   . . .      Faith    .   (no shield)
rNeg    . . .      Spirit   .   b - +0 leather armour
rPois   .          Reflect  .   (helmet unavailable)
rElec   .          Harm     .   (no cloak)
rCorr   .          Rampage  .   (no gloves)
Will    .....                   (no boots)
Stlth   +.........              (no amulet)
HPRegen 0.08/turn               (no ring)
MPRegen 0.08/turn               (no ring)

@: no status effects
A: permanent stasis, dig shafts and tunnels, antennae 3, four strong arms
a: Dig, Shaft Self, Renounce Religion, Depart the Abyss, Bend Space


You were on level 1 of the Dungeon.
You worshipped Lugonu.
Lugonu was pleased with you.
You visited 1 branch of the dungeon, and saw 1 of its levels.
You visited the Abyss 1 time.

You collected 5 gold pieces.

Inventory:

Hand Weapons
 a - a +1 mace
 d - a +0 quarterstaff (weapon)
Armour
 b - a +0 leather armour (worn)
Scrolls
 c - a scroll of enchant armour {unknown}


   Skills:
 * Level 3.9 Fighting
 - Level 2.1(2.2) Maces & Flails
 + Level 0.3(1.3) Staves
 - Level 2.1 Armour
 - Level 0.8 Dodging
 - Level 2.1 Invocations


You had one spell level left.
You didn't know any spells.
Your spell library was empty.

Dungeon Overview and Level Annotations

Branches:
Dungeon (1/15)

Altars:

Shops:
D:1 ?


Innate Abilities, Weirdness & Mutations

You cannot be hasted, slowed, berserked, paralysed or teleported.
You can dig through walls and to a lower floor.
You have a pair of large antennae on your head. (SInv)
Your four strong arms can wield two-handed weapons with a shield.


Message History

The frilled lizard bites you but does no damage.
The goblin attacks as you move away! The goblin closely misses you.
The rat attacks as you move away! The rat barely misses you. The bat hits you.
* * * LOW HITPOINT WARNING * * *
The bat barely misses you. The bat closely misses you.
Okay, then.
It was a potion of haste.
Your stasis prevents you from being hasted.
The bat closely misses you. x2
You barely miss the bat. The bat barely misses you.
You miss the bat. The bat hits you.
* * * LOW HITPOINT WARNING * * *
The bat barely misses you.
You closely miss the bat. The bat hits you but does no damage. x2
You closely miss the bat. The bat barely misses you.
The bat completely misses you.
You sock the bat!
You kill the bat!
Lugonu accepts your kill.
You sock the goblin!
You kill the goblin!
Lugonu accepts your kill.
You swing at nothing.
You barely miss the frilled lizard. The frilled lizard bites you.
* * * LOW HITPOINT WARNING * * *
The frilled lizard closely misses you.
You hit the frilled lizard.
You kill the frilled lizard!
Lugonu accepts your kill.
You hit the rat.
You kill the rat!
Lugonu accepts your kill.
You closely miss the jackal. The jackal bites you.
* * * LOW HITPOINT WARNING * * *
The jackal bites you.
* * * LOW HITPOINT WARNING * * *
You closely miss the jackal. The jackal bites you.
You die...

# # #†..#
###.###..h#
..........#
.#####....#
.#
#....########
.#
#...K..)....#
.#
#....######K#
.#####....#
#h#
..........#
#@#
#.#####..##
#.# ....#
#..#### #.#
..#.###......
..#
.##......###
..#
.##.######
#.## .##.##
#. .#...## #.
......##


You could see a jackal and a kobold.

Vanquished Creatures
  2 endoplasms (D:1)
  A goblin (D:1)
  A jackal (D:1)
  4 ball pythons (D:1)
  A bat (D:1)
  A frilled lizard (D:1)
  A kobold (D:1)
  2 rats (D:1)
13 creatures vanquished.

Notes
Turn   | Place    | Note
-------+----------+-------------------------------------------
     0 | Abyss:1  | rageheart7 the Formicid Abyssal Knight began the quest for
                  | the Orb.
     0 | Abyss:1  | Reached XP level 1. HP: 18/18 MP: 2/2
    11 | Abyss:1  | Noticed a shadow demon
    12 | D:1      | Escaped the Abyss
   288 | D:1      | Found Cevoat's Magic Scroll Shop.
   316 | D:1      | Reached XP level 2. HP: 17/25 MP: 3/3
   462 | D:1      | Slain by a jackal

Illustrated notes

Levels and vault maps discovered:
D:1:      erik_arrival_triangle_small, layout_loops_ring, serial_shops, shop,
          ebering_ecumenical_altar_hall, hex_large

Action                   || total
-------------------------++-------
Melee: Quarterstaff      ||    31
       Mace              ||    10
Invok: Depart the Abyss  ||     1
  Use: Potion            ||     1
Armor: Leather armour    ||    19
Dodge: Dodged            ||    32

Table legend: (Time is in decaauts)
 A = Elapsed time spent in this place.
 B = Non-inter-level travel time spent in this place.
 C = Inter-level travel time spent in this place.
 D = Time resting spent in this place.
 E = Time spent auto-exploring this place.
 F = Levels seen in this place.
 G = Mean time per level.
                   A        B        C        D        E       F      G
               +--------+--------+--------+--------+--------+-----+--------+
         Total |    471 |    471 |      0 |      0 |    365 |   2 |  235.5 |
       Dungeon |    459 |    459 |      0 |      0 |    355 |   1 |  459.0 |
         Abyss |     12 |     12 |      0 |      0 |     10 |   1 |   12.0 |
               +--------+--------+--------+--------+--------+-----+--------+

Top non-repeatable levels by time:
     D:1: 459 daAuts
 Abyss:1: 12 daAuts
